 Dungeon Crawl Stone Soup version 0.32-a0-132-g2d33c3cfaf (webtiles) character file.

Game seed: 10173881694754418736

785 SmokeWeed the Magician (level 7, -4/32 HPs)
             Began as a Spriggan Conjurer on Feb 10, 2024.
             Slain by a gnoll
             ... wielding a +0 flail
             ... led by a gnoll sergeant
              (9 damage)
             ... on level 4 of the Dungeon.
             The game lasted 00:10:35 (3740 turns).

SmokeWeed the Magician (Spriggan Conjurer)          Turns: 3740, Time: 00:10:35

Health: -4/32      AC:  2    Str:  3    XL:     7   Next: 56%
Magic:  1/16       EV: 18    Int: 22    God:
Gold:   205        SH:  0    Dex: 13    Spells: 9/17 levels left

rFire   + . .        c - +0 short sword (venom)
rCold   + . .        (no shield)
rNeg    . . .        a - +0 robe
rPois   .            (helmet restricted)
rElec   .            g - scarf {rC+ rF+}
rCorr   .            (gloves unavailable)
SInv    +            (boots unavailable)
Will    +....        (no amulet)
Stlth   ++           (no ring)
HPRegen 0.25/turn    (no ring)
MPRegen 0.15/turn

%: no passive effects
@: very quick
A: very small, no large weapons, unfitting armour, see invisible, speed 3
a: no special abilities


You were on level 4 of the Dungeon.
You visited 1 branch of the dungeon, and saw 4 of its levels.

You collected 205 gold pieces.

Inventory:

Hand Weapons
 c - a +0 short sword of venom (weapon)
 h - a +0 club
Missiles
 m - 3 boomerangs (quivered)
Armour
 a - a +0 robe (worn)
 g - a scarf of resistance (worn)
Scrolls
 f - a scroll of immolation {unknown}
 i - 3 scrolls of identify
 k - 3 scrolls of fog {unknown}
Potions
 b - a potion of magic
 d - 3 potions of might
 j - 3 potions of haste {unknown}
 l - a potion of heal wounds {unknown}


   Skills:
 + Level 0.4 Fighting
 + Level 1.3 Short Blades
 + Level 0.7 Throwing
 + Level 4.0 Dodging
 + Level 4.0 Stealth
 + Level 5.7 Spellcasting
 + Level 5.2 Conjurations
 * Level 2.3 Hexes
 + Level 2.3 Translocations


You had 9 spell levels left.
You knew the following spells:

 Your Spells              Type           Power      Damage    Failure   Level
a - Magic Dart            Conj           100%       1d8       1%          1
b - Searing Ray           Conj           58%        2d6       1%          2
c - Slow                  Hex            64%        N/A       3%          1
d - Iskenderun's Mystic   Conj/Tloc      22%        2d6       21%         4

Your spell library contained the following spells:

 Spells                   Type           Power      Damage    Failure   Level
 Momentum Strike          Conj/Tloc      44%        3d9       3%          2
 Blink                    Tloc           32%        N/A       5%          2
 Lesser Beckoning         Tloc           32%        N/A       5%          2
 Hailstorm                Conj/Ice       17%        3d6       10%         3
 Confusing Touch          Hex            16%        N/A       11%         3
 Sigil of Binding         Hex            16%        N/A       11%         3
 Call Canine Familiar     Summ           6%         N/A       28%         3
 Summon Ice Beast         Ice/Summ       6%         N/A       28%         3
 Vampiric Draining        Necr           6%         2d6       28%         3
 Fulminant Prism          Conj/Alch      8%         3d7       32%         4
 Dimensional Bullseye     Hex/Tloc       8%         N/A       34%         4
 Sculpt Simulacrum        Ice/Alch       3%         N/A       100%        6


Dungeon Overview and Level Annotations

Branches:
Dungeon (4/15)
 Temple: D:4-7

Altars:
Ru
Xom


Innate Abilities, Weirdness & Mutations

You are very small and have problems with some larger weapons.
You are too small for most types of armour.
You have supernaturally acute eyesight. (SInv)
You cover ground extremely quickly. (Speed+++)


Message History

The gnoll sergeant hits you from afar with a +3 spear of freezing!
* * * LOW HITPOINT WARNING * * *
The gnoll sergeant freezes you.
* * * LOW HITPOINT WARNING * * *
Aiming: Searing Ray (safe; 1% risk of failure)
Press: ? - help, Q - select action, (/) - cycle Shift-Dir - straight line, f/p - gnoll sergeant
Aim: a gnoll sergeant, wielding a +3 spear of freezing and wearing a +0 ring mail (almost dead, 85% to hit)
The searing ray hits the gnoll sergeant!
You kill the gnoll sergeant! (Press . to maintain the ray.)
Your Dodging skill increases to level 4!
Your Stealth skill increases to level 4!
The searing ray hits the gnoll!
The gnoll is severely wounded.
The searing ray hits the gnoll.
You kill the gnoll!
Without enough magic to sustain it, your searing ray dissipates.
Throw: 3 boomerangs
Press: ? - help, Q - select action, (/) - cycle Shift-Dir - straight line, f - gnoll
Aim: a gnoll, wielding a +0 flail (56% to hit)
You throw a boomerang. The boomerang hits the gnoll.
The gnoll is moderately wounded.
Throw: 3 boomerangs
Press: ? - help, Q - select action, (/) - cycle Shift-Dir - straight line, f/p - gnoll
Aim: a gnoll, wielding a +0 flail (moderately wounded, 56% to hit)
You throw a boomerang. The boomerang barely misses the gnoll.
Throw: 3 boomerangs
Press: ? - help, Q - select action, (/) - cycle Shift-Dir - straight line, f/p - gnoll
Aim: a gnoll, wielding a +0 flail (moderately wounded, 56% to hit)
You throw a boomerang. The boomerang barely misses the gnoll.
The gnoll barely misses you.
You hit the gnoll.
The gnoll is poisoned.
The gnoll is moderately wounded.
The gnoll barely misses you.
You hit the gnoll.
The gnoll looks as sick as possible!
The gnoll is severely wounded.
You hit the gnoll.
The gnoll looks as sick as possible!
The gnoll is almost dead.
The gnoll hits you with a +0 flail!
You die...

!......## #.#.##.#.###
g##########.#......g.#
#....<.#####.##(#
#.###### #.##.# ###
####.## #.g#
♣♣♣♣♣###.#
#####♣♣♣.♣.)..#.#
#...#♣..♣.@g.)..#
#..[).♣♣♣♣...)..#
#)..#♣♣ ♣♣....## #####
♣♣####


You could see a gnoll (extremely poisoned).

Vanquished Creatures
  Sigmund (D:2)
  2 ogres (D:4)
  A gnoll sergeant (D:4)
  4 orc priests (D:3)
  Crazy Yiuf (D:4)
  Natasha (D:4)
  4 orc wizards (D:3)
  Robin (D:3)
  2 gnolls (D:4)
  2 adders (D:4)
  A dart slug (D:1)
  9 orcs (D:3)
  9 ball pythons
  10 bats
  3 endoplasms
  2 giant cockroaches (D:2)
  13 goblins
  6 hobgoblins
  3 kobolds
  5 quokkas
  A frilled lizard (D:2)
  2 rats (D:1)
83 creatures vanquished.

Notes
Turn   | Place    | Note
-------+----------+-------------------------------------------
     0 | D:1      | SmokeWeed the Spriggan Conjurer began the quest for the
                  | Orb.
     0 | D:1      | Reached XP level 1. HP: 9/9 MP: 5/5
   354 | D:1      | Reached XP level 2. HP: 13/13 MP: 4/6
   357 | D:1      | Learned a level 2 spell: Searing Ray
  1184 | D:2      | Learned a level 1 spell: Slow
  1236 | D:2      | Noticed Sigmund
  1262 | D:2      | Killed Sigmund
  1263 | D:2      | Reached XP level 3. HP: 9/16 MP: 2/9
  1263 | D:2      | Reached XP level 4. HP: 11/21 MP: 2/10
  1263 | D:2      | Reached XP level 5. HP: 13/24 MP: 2/11
  1272 | D:2      | Learned a level 4 spell: Iskenderun's Mystic Blast
  2098 | D:3      | Reached skill level 1 in Translocations
  2199 | D:3      | Reached XP level 6. HP: 22/28 MP: 8/13
  2664 | D:3      | Noticed Robin
  2680 | D:3      | Killed Robin
  2910 | D:3      | Reached skill level 5 in Conjurations
  3093 | D:3      | Found a shimmering altar of Xom.
  3268 | D:4      | Found a runed translucent door.
  3269 | D:4      | Noticed Crazy Yiuf
  3274 | D:4      | Killed Crazy Yiuf
  3275 | D:4      | Reached skill level 1 in Hexes
  3371 | D:4      | Found a sacrificial altar of Ru.
  3420 | D:4      | Reached skill level 5 in Spellcasting
  3420 | D:4      | Reached XP level 7. HP: 32/32 MP: 7/15
  3430 | D:4      | Reached skill level 1 in Short Blades
  3615 | D:4      | Noticed Natasha
  3619 | D:4      | Killed Natasha
  3740 | D:4      | Slain by a gnoll

Illustrated notes

Levels and vault maps discovered:
D:1:      amcnicky_arrival_wind_blow, layout_basic, hangedman_decor_growths,
          minmay_misc_feat_room
D:2:      layout_loops_ring, uniq_sigmund
D:3:      layout_loops_ring, mainiacjoe_overflow_surrounded_room, uniq_robin
D:4:      layout_loops_cross, mainiacjoe_overflow_alcove_1,
          uniq_crazy_yiuf_cottage, uniq_natasha

Skill      XL: |  1  2  3  4  5  6  7 |
---------------+----------------------+-----
Conjurations   | 3 4 5 |  5.2
Dodging        | 3 4 |  4.0
Spellcasting   | 3 4 5 |  5.7
Translocations | 1 2 |  2.3
Hexes          | 1 2 |  2.3
Short Blades   | 1 |  1.3
Stealth        | 4 |  4.0
Fighting       | |  0.4
Throwing       | |  0.7

Action                     |  1- 3 |  4- 6 |  7- 9 || total
---------------------------+-------+-------+-------++-------
  Melee: Short sword       |     1 |    44 |     5 ||    50
         Punch             |       |     6 |     1 ||     7
  Throw: Dart              |     3 |       |     3 ||     6
         Throwing net      |     1 |       |       ||     1
         Boomerang         |       |       |     3 ||     3
   Cast: Magic Dart        |    31 |    45 |    17 ||    93
         Searing Ray       |     1 |    19 |     4 ||    24
         Slow              |       |     2 |     2 ||     4
    Use: Scroll            |     2 |     2 |       ||     4
 Armour: Robe              |     3 |    17 |     5 ||    25
  Dodge: Dodged            |     3 |    44 |     7 ||    54

Table legend: (Time is in decaauts)
 A = Elapsed time spent in this place.
 B = Non-inter-level travel time spent in this place.
 C = Inter-level travel time spent in this place.
 D = Time resting spent in this place.
 E = Time spent auto-exploring this place.
 F = Levels seen in this place.
 G = Mean time per level.
                   A        B        C        D        E       F      G
               +--------+--------+--------+--------+--------+-----+--------+
         Total |   2864 |   2813 |     51 |    133 |   2229 |   4 |  716.0 |
       Dungeon |   2864 |   2813 |     51 |    133 |   2229 |   4 |  716.0 |
               +--------+--------+--------+--------+--------+-----+--------+

Top non-repeatable levels by time:
     D:3: 1019 daAuts
     D:1: 750 daAuts
     D:2: 636 daAuts
     D:4: 458 daAuts
